[ AOE2 MATCH · #506286789 ]
UnrankedBurgundians vs Franks
Rival team · LOSS
[ REPLAY ANALYSIS · EXTRACTED FROM THE RECORDED GAME ]
Feudal
10:46
Castle
19:42
Imperial
—
| APM avg | 51.0 |
| APM peak | 88 |
| eAPM avg | 21.5 |
| Villagers / military | 39 / 14 |
Focus
⚔️ 39.0% · 🌾 61.0%
Flemish Militia ×7 · Skirmisher ×5 · Militia ×2
Feudal
8:57
Castle
—
Imperial
—
| APM avg | 32.2 |
| APM peak | 64 |
| eAPM avg | 17.7 |
| Villagers / military | 34 / 4 |
Focus
⚔️ 17.8% · 🌾 82.2%
Militia ×3 · Spearman ×1
Match map
Initial resources + every placement click. Lines = walls · curves = elevation contours. ◆ gold · ⬟ stone · ● berries · ✦ relic · ◌ wall gap
Your base· ✓ Closed at 19:42 · 49t walls · no gate
rastko's base· Open — opponent sealed themselves in
Smoothed initial terrain · ◌ = detected wall gap · hover for details
Inputs per minute
— 夏天九号 - - rastko
Build order — 夏天九号
118 actions detected in the replay
| 0:00 | Queue | Villager (Male) |
| 0:00 | Queue | Villager (Male) |
| 0:02 | Build | House |
| 0:04 | Build | House |
| 0:06 | Queue | Villager (Male) |
| 0:09 | Queue | Villager (Male) |
| 0:10 | Queue | Villager (Male) |
| 1:24 | Queue | Villager (Male) |
| 1:54 | Build | Lumber Camp |
| 1:57 | Queue | Villager (Male) |
| 2:14 | Queue | Villager (Male) |
| 2:29 | Queue | Villager (Male) |
| 3:00 | Queue | Villager (Male) |
| 3:31 | Queue | Villager (Male) |
| 3:32 | Queue | Villager (Male) |
| 3:53 | Build | House |
| 3:55 | Build | House |
| 4:02 | Research | Double-Bit Axe |
| 4:16 | Queue | Villager (Male) |
| 4:17 | Queue | Villager (Male) |
| 4:39 | Queue | Villager (Male) |
| 5:05 | Queue | Villager (Male) |
| 5:06 | Queue | Villager (Male) |
| 5:09 | Build | Barracks |
| 5:25 | Queue | Villager (Male) |
| 5:42 | Build | House |
| 5:50 | Queue | Villager (Male) |
| 5:50 | Queue | Villager (Male) |
| 6:18 | Queue | Villager (Male) |
| 6:26 | Queue | Militia |
| 6:27 | Queue | Militia |
| 6:42 | Queue | Villager (Male) |
| 6:46 | Build | Mill |
| 7:10 | Queue | Villager (Male) |
| 7:32 | Build | Mill |
| 7:37 | Queue | Villager (Male) |
| 7:42 | Research | Loom |
| 7:42 | Research | Loom |
| 8:21 | Build | Palisade Wall |
| 8:23 | Build | Palisade Wall |
| 8:36 | Research | Feudal Age |
| 8:36 | Research | Feudal Age |
| 9:21 | Build | Palisade Wall |
| 9:22 | Build | Palisade Wall |
| 9:23 | Build | Palisade Wall |
| 9:33 | Build | Palisade Wall |
| 9:46 | Queue | Villager (Male) |
| 9:51 | Build | Farm |
| 9:52 | Build | Farm |
| 10:12 | Build | Palisade Wall |
| 10:26 | Queue | Villager (Male) |
| 10:44 | Build | Palisade Wall |
| 10:46 | Age | Feudal Age |
| 10:56 | Build | Archery Range |
| 11:18 | Queue | Villager (Male) |
| 11:27 | Queue | Villager (Male) |
| 11:32 | Build | House |
| 11:33 | Research | Bow Saw |
| 11:33 | Queue | Villager (Male) |
| 11:35 | Build | Palisade Wall |
| 11:38 | Build | Palisade Wall |
| 11:41 | Build | Farm |
| 11:52 | Build | Palisade Wall |
| 12:02 | Queue | Villager (Male) |
| 12:04 | Queue | Villager (Male) |
| 12:06 | Build | Farm |
| 12:09 | Build | Farm |
| 12:10 | Build | Farm |
| 12:14 | Queue | Skirmisher |
| 12:15 | Queue | Skirmisher |
| 12:15 | Queue | Skirmisher |
| 12:28 | Build | Mining Camp |
| 12:33 | Build | Farm |
| 12:36 | Build | Farm |
| 12:43 | Build | Palisade Wall |
| 12:59 | Build | Farm |
| 13:05 | Build | Farm |
| 13:17 | Queue | Villager (Male) |
| 13:21 | Build | Palisade Wall |
| 13:21 | Build | Palisade Wall |
| 13:23 | Build | Palisade Wall |
| 13:24 | Build | Palisade Wall |
| 13:27 | Queue | Flemish Militia |
| 13:30 | Queue | Villager (Male) |
| 13:38 | Build | Farm |
| 13:50 | Build | Farm |
| 13:55 | Queue | Villager (Male) |
| 14:00 | Queue | Flemish Militia |
| 14:02 | Queue | Skirmisher |
| 14:16 | Queue | Flemish Militia |
| 14:19 | Build | House |
| 14:27 | Research | Wheelbarrow |
| 14:27 | Research | Wheelbarrow |
| 14:33 | Queue | Villager (Male) |
| 14:43 | Build | House |
| 14:44 | Build | House |
| 14:45 | Build | House |
| 14:56 | Queue | Skirmisher |
| 15:22 | Build | Blacksmith |
| 16:10 | Queue | Villager (Male) |
| 16:15 | Build | Farm |
| 16:53 | Queue | Flemish Militia |
| 17:02 | Research | Castle Age |
| 17:02 | Research | Castle Age |
| 17:06 | Queue | Flemish Militia |
| 17:10 | Research | Horse Collar |
| 17:10 | Research | Horse Collar |
| 18:09 | Queue | Flemish Militia |
| 18:11 | Research | Gold Mining |
| 18:13 | Research | Heavy Plow |
| 18:34 | Build | Stable |
| 19:42 | Age | Castle Age |
| 19:44 | Queue | Villager (Male) |
| 19:48 | Build | Town Center |
| 19:53 | Build | Town Center |
| 19:54 | Queue | Villager (Male) |
| 20:04 | Queue | Villager (Male) |
| 20:06 | Queue | Flemish Militia |
Build order — rastko
105 actions detected in the replay
| 0:00 | Queue | Villager (Male) |
| 0:01 | Queue | Villager (Male) |
| 0:02 | Build | House |
| 0:03 | Build | House |
| 0:09 | Queue | Villager (Male) |
| 0:23 | Queue | Villager (Male) |
| 1:28 | Queue | Villager (Male) |
| 1:53 | Build | Lumber Camp |
| 2:03 | Queue | Villager (Male) |
| 2:26 | Queue | Villager (Male) |
| 2:47 | Queue | Villager (Male) |
| 3:08 | Queue | Villager (Male) |
| 3:41 | Queue | Villager (Male) |
| 3:56 | Build | House |
| 4:00 | Queue | Villager (Male) |
| 4:14 | Queue | Villager (Male) |
| 4:42 | Queue | Villager (Male) |
| 4:53 | Queue | Villager (Male) |
| 5:03 | Build | Barracks |
| 5:16 | Queue | Villager (Male) |
| 5:24 | Build | Palisade Wall |
| 5:25 | Build | Palisade Wall |
| 5:43 | Build | House |
| 6:04 | Research | Loom |
| 6:47 | Research | Feudal Age |
| 6:57 | Build | Mining Camp |
| 6:59 | Queue | Militia |
| 7:25 | Queue | Militia |
| 7:36 | Queue | Militia |
| 8:21 | Build | Mill |
| 8:46 | Queue | Villager (Male) |
| 8:57 | Age | Feudal Age |
| 9:04 | Queue | Spearman |
| 9:33 | Queue | Villager (Male) |
| 9:37 | Build | Mill |
| 9:40 | Build | House |
| 10:04 | Build | Farm |
| 10:05 | Queue | Villager (Male) |
| 10:25 | Queue | Villager (Male) |
| 10:43 | Build | Farm |
| 10:43 | Queue | Villager (Male) |
| 11:04 | Queue | Villager (Male) |
| 11:30 | Build | Farm |
| 11:32 | Build | Farm |
| 11:34 | Build | Farm |
| 11:37 | Queue | Villager (Male) |
| 11:51 | Build | Farm |
| 11:53 | Queue | Villager (Male) |
| 12:30 | Queue | Villager (Male) |
| 12:45 | Build | Lumber Camp |
| 12:52 | Queue | Villager (Male) |
| 12:56 | Build | Farm |
| 13:01 | Build | Farm |
| 13:09 | Queue | Villager (Male) |
| 13:12 | Build | House |
| 13:16 | Build | House |
| 13:19 | Build | Palisade Wall |
| 13:20 | Build | Palisade Wall |
| 13:21 | Build | Palisade Wall |
| 13:24 | Build | Palisade Wall |
| 13:27 | Queue | Villager (Male) |
| 13:36 | Build | Farm |
| 13:52 | Queue | Villager (Male) |
| 13:56 | Build | House |
| 13:58 | Build | House |
| 13:59 | Build | House |
| 14:03 | Build | Palisade Wall |
| 14:13 | Build | Farm |
| 14:14 | Queue | Villager (Male) |
| 14:22 | Build | Palisade Gate |
| 14:24 | Build | Palisade Wall |
| 14:26 | Build | Palisade Wall |
| 14:34 | Queue | Villager (Male) |
| 14:41 | Build | Farm |
| 14:46 | Build | Farm |
| 15:22 | Build | Blacksmith |
| 15:23 | Build | House |
| 15:24 | Build | House |
| 15:27 | Queue | Villager (Male) |
| 15:45 | Build | Farm |
| 15:59 | Build | Palisade Wall |
| 16:22 | Build | Farm |
| 16:26 | Build | Farm |
| 16:45 | Queue | Villager (Male) |
| 16:50 | Build | Stable |
| 17:18 | Build | House |
| 17:20 | Build | House |
| 17:43 | Queue | Villager (Male) |
| 17:48 | Build | Farm |
| 17:51 | Build | Mining Camp |
| 17:57 | Research | Castle Age |
| 18:05 | Research | Stone Mining |
| 18:09 | Queue | Villager (Male) |
| 18:33 | Build | House |
| 18:35 | Build | House |
| 18:39 | Build | Palisade Wall |
| 18:42 | Build | House |
| 18:45 | Build | House |
| 18:48 | Build | House |
| 19:10 | Build | House |
| 19:13 | Build | House |
| 19:17 | Build | House |
| 19:37 | Build | House |
| 19:42 | Build | Palisade Wall |
| 19:44 | Build | Palisade Wall |
Match timeline
| 5:03 | rastko · first_building Barracks |
| 5:09 | 夏天九号 · first_building Barracks |
| 5:24 | rastko · wall_segment Palisade Wall x1 |
| 5:25 | rastko · wall_segment Palisade Wall x1 |
| 8:21 | 夏天九号 · wall_segment Palisade Wall x7 |
| 8:23 | 夏天九号 · wall_segment Palisade Wall x2 |
| 8:57 | rastko · age_up feudal |
| 9:21 | 夏天九号 · wall_segment Palisade Wall x1 |
| 9:22 | 夏天九号 · wall_segment Palisade Wall x1 |
| 9:23 | 夏天九号 · wall_segment Palisade Wall x1 |
| 9:33 | 夏天九号 · wall_segment Palisade Wall x1 |
| 10:12 | 夏天九号 · wall_segment Palisade Wall x9 |
| 10:44 | 夏天九号 · wall_segment Palisade Wall x1 |
| 10:46 | 夏天九号 · age_up feudal |
| 10:56 | 夏天九号 · first_building Archery Range |
| 11:35 | 夏天九号 · wall_segment Palisade Wall x1 |
| 11:38 | 夏天九号 · wall_segment Palisade Wall x1 |
| 11:52 | 夏天九号 · wall_segment Palisade Wall x10 |
| 12:43 | 夏天九号 · wall_segment Palisade Wall x4 |
| 13:19 | rastko · wall_segment Palisade Wall x1 |
| 13:20 | rastko · wall_segment Palisade Wall x1 |
| 13:21 | rastko · wall_segment Palisade Wall x1 |
| 13:21 | 夏天九号 · wall_segment Palisade Wall x1 |
| 13:21 | 夏天九号 · wall_segment Palisade Wall x1 |
| 13:23 | 夏天九号 · wall_segment Palisade Wall x3 |
| 13:24 | rastko · wall_segment Palisade Wall x7 |
| 13:24 | 夏天九号 · wall_segment Palisade Wall x10 |
| 14:03 | rastko · wall_segment Palisade Wall x1 |
| 14:24 | rastko · wall_segment Palisade Wall x1 |
| 14:26 | rastko · wall_segment Palisade Wall x3 |
| 15:59 | rastko · wall_segment Palisade Wall x1 |
| 16:50 | rastko · first_building Stable |
| 18:34 | 夏天九号 · first_building Stable |
| 18:39 | rastko · wall_segment Palisade Wall x1 |
| 19:42 | 夏天九号 · age_up castle |
| 19:42 | rastko · wall_segment Palisade Wall x1 |
| 19:44 | rastko · wall_segment Palisade Wall x1 |
| 20:08 | rastko · resign |
[ AI ANALYSIS · 1 CREDIT ]
What really happened in this match?
Wolo.gg analyzes every decision: build order, eco, micro, common mistakes by bracket. Personalized analysis on WhatsApp or Discord in 30 seconds.
Civ guide
Burgundians
Perfil
Jugador #3227477